AoeStats
← [PSCH] R!ce

Arabia

505848307Analyzed
1v1 RM · 21d ago on Sep 11, 2026· 48m 36s· 2 players
Game mode
Random Map
Map size
Tiny (2 player)
Population
200
Speed
Normal
Resources
Standard
Victory
Conquest
Starting age
Dark Age
Ending age
Imperial Age
RankedLock teamsTeams togetherTeam positionsShared explorationLock speedFull tech treeHidden civsTurbo modeCheats
Victory
Defeat
🇨🇭 Japanese · Switzerland
1535
+16
🇷🇴 Wu · Romania
1532
-16
puiu
6:20 Loom
8:58 Feudal Age
9:49 Double-Bit Axe
15:08 Fletching
16:35 Padded Archer Armor
23:39 Castle Age
23:42 Elite Skirmisher
24:18 Bodkin Arrow
24:11 Horse Collar
24:56 Scale Barding Armor
25:30 Bloodlines
25:20 Husbandry
26:02 Forging
27:23 Husbandry
29:09 Bodkin Arrow
31:49 Wheelbarrow
36:28 Bow Saw
36:41 Town Watch
36:55 Gold Mining
36:55 Stone Mining
37:02 Stone Mining
43:40 Imperial Age
42:28 Ballistics
42:12 Squires
43:43 Hand Cart
45:24 Chemistry
45:07 Bracer
45:24 Leather Archer Armor
47:08 Masonry
46:38 Treadmill Crane
46:38 Crossbowman
48:59 Chain Barding Armor
[PSCH] R!ce
7:14 Loom
9:31 Feudal Age
9:46 Man-at-Arms
14:31 Fletching
16:11 Double-Bit Axe
21:59 Castle Age
20:40 Scale Mail Armor
20:41 Horse Collar
23:02 Chain Mail Armor
22:10 Long Swordsman
24:07 Bow Saw
24:24 Forging
24:28 Arson
26:30 Iron Casting
26:43 Pikeman
31:02 Wheelbarrow
39:39 Imperial Age
38:07 Gambesons
38:46 Squires
39:43 Halberdier
39:47 Elite Samurai
40:05 Two-Handed Swordsman
42:42 Blast Furnace
42:16 Plate Mail Armor
44:35 Blast Furnace
45:25 Chemistry
44:45 Ballistics
44:51 Elite Skirmisher
45:35 Padded Archer Armor
45:30 Bodkin Arrow
47:32 Leather Archer Armor
47:17 Bracer
48:37 Thumb Ring
Connection lost

Rejoining the realm…

Still unreachable

The connection could not be restored.

Session expired

The server has moved on; the page needs a fresh start.